 Dungeon Crawl Stone Soup version 0.18-a0-1535-g243bd92 (webtiles) character file.

12888 Etesian the Carver (level 12, -3/94 HPs)
             Began as a Formicid Fighter on Mar 9, 2016.
             Was a High Priest of Qazlal.
             Slain by a soul eater (16 damage)
             ... summoned by a kobold demonologist
             ... on level 11 of the Dungeon.
             The game lasted 00:27:02 (9056 turns).

Etesian the Carver (Formicid Fighter)               Turns: 9056, Time: 00:27:03

Health: -3/94      AC: 17    Str: 36    XL:     12   Next: 25%
Magic:  19/19      EV: 12    Int:  7    God:    Qazlal [*****.]
Gold:   639        SH: 20    Dex: 10    Spells: 0 memorised, 11 levels left

rFire  . . .     SeeInvis +     C - +3 triple sword (drain)
rCold  . . .     Gourm    .     q - +0 chain mail
rNeg   . . .     Faith    .     c - +1 shield
rPois  .         Spirit   .     (helmet unavailable)
rElec  .         Dismiss  .     (no cloak)
rCorr  .         Reflect  .     j - +0 pair of gloves {Str+3}
SustAt .         Harm     .     l - +0 pair of boots
MR     +....                    (no amulet)
Stlth  ..........               y - +6 ring of strength
                                t - +3 ring of evasion

@: lethally poisoned (-3 -> -17), protected from physical damage, repel
missiles, somewhat resistant to hostile enchantments, extremely unstealthy
A: permanent stasis, dig shafts and tunnels, four strong arms, antennae 3
a: Dig, Shaft Self, Upheaval, Elemental Force, Disaster Area, Renounce Religion


You were on level 11 of the Dungeon.
You worshipped Qazlal.
Qazlal was extremely pleased with you.
You were not hungry.

You visited 1 branch of the dungeon, and saw 12 of its levels.
You also visited: Ossuary.

You collected 639 gold pieces.

Inventory:

Hand Weapons
 C - a +3 triple sword of draining (weapon)
Armour
 c - a +1 shield (worn)
 j - a +0 pair of gloves of strength (worn)
 l - a +0 pair of boots (worn)
 q - a +0 chain mail (worn)
Jewellery
 t - a +3 ring of evasion (left hand)
 y - a +6 ring of strength (right hand)
Wands
 g - a wand of iceblast (4/15)
 E - a wand of acid (3/15)
Scrolls
 h - 6 scrolls of identify
 r - 8 scrolls of remove curse
 s - 7 scrolls of enchant armour
 u - 2 scrolls of recharging
 B - a scroll of enchant weapon
Potions
 a - 2 potions of resistance
 b - 3 potions of agility
 d - 6 potions of might
 e - a potion of heal wounds
 i - a potion of lignification
 k - 10 potions of curing
 m - 2 potions of flight
 p - 2 potions of ambrosia
 x - 2 potions of brilliance
 z - a potion of invisibility
 A - a potion of magic
Comestibles
 f - 11 bread rations
 n - 7 meat rations
 o - a slice of pizza
 v - 7 fruits
 w - a royal jelly
 D - 4 chunks of flesh


   Skills:
 + Level 8.7 Fighting
 * Level 11.1 Long Blades
 + Level 9.3 Armour
 + Level 9.8 Shields
 * Level 9.6 Invocations


You had 11 spell levels left.
You didn't know any spells.

Dungeon Overview and Level Annotations

Branches:
Dungeon (12/15)            Temple (0/1) D:5            Lair (0/8) D:11
    Orc: D:9-12

Altars:
Ashenzari
Dithmenos
Fedhas
Gozag
Kikubaaqudgha
Makhleb
Nemelex Xobeh
Pakellas
Qazlal
Ru
Sif Muna
Trog
Xom
Yredelemnul

Shops:
D:6 :


Innate Abilities, Weirdness & Mutations

You are under a permanent stasis effect.
You can dig through walls and to a lower floor.
Your four strong arms can wield two-handed weapons with a shield.
You have a pair of large antennae on your head (SInv).


Message History

* * * LOW HITPOINT WARNING * * *
You are poisoned.
The orange demon poisons you!
The kobold demonologist hits you but does no damage.
The soul eater is struck by lightning.
You block the soul eater's attack.
You feel sick.
The kobold demonologist casts a cantrip, but nothing happens.
The soul eater draws from the surrounding life force!
* * * LOW HITPOINT WARNING * * *
The soul eater is healed.
Items here: ))) ÷ a flail; a giant spiked club; a giant club; a two-headed ogre skeleton You closely miss the soul eater.
The soul eater is severely wounded.
* * * LOW HITPOINT WARNING * * *
You feel very sick.
The slime creature is engulfed in roaring flames.
You block the slime creature's attack. You block the orange demon's attack.
The soul eater hits you!
You die...

#....#.# #....## ##...(.
######.# #.##..# ##..###. #.#
#.###.## #..###.. #.##
#.###..###.#....# #..#####
#.##.........#### ##.#...##
##.##.##.....####.
#......###4).4.##..........
#.......#J3K###...####[..##
#.........@## #.##.........
#.......#.## ##.##§..>.....
###.......§####..##>........
###.......#...........(.......
#...........#...####..........
####........#.### ##.....<..)
#..........# #.........
##.......#########.........
##...#..........#.........


You could see a slime creature, a soul eater, an orange demon, a kobold
demonologist and a red devil.

Vanquished Creatures
  Josephine (D:10)
  A skeletal warrior (D:11)
  The ghost of MenacingMecha the Basher, a novice GrGl (D:7)
  2 cyclopes
  2 kobold demonologists
  A troll (D:11)
  3 two-headed ogres
  5 slime creatures
  Sigmund (D:4)
  A shadow (D:11)
  5 wraiths (D:10)
  5 yaks (D:11)
  3 hippogriffs
  2 water moccasins
  Duvessa (D:7)
  3 orc warriors
  3 ice beasts
  A wasp (D:10)
  The ghost of namelastname112 the Skirmisher, an amateur DrCK of Xom (D:3)
  2 necrophages
  5 ogres
  2 phantoms
  An eye of draining (D:10)
  6 centaurs
  2 big kobolds
  Blork the orc (D:6)
  4 giant frogs
  A gnoll sergeant (D:10)
  2 wyvern zombies
  3 water moccasin zombies
  Dowan (D:7)
  4 scorpions
  4 howler monkeys
  7 wights
  3 bog bodies (Ossuary)
  7 centaur zombies
  4 crimson imps
  3 giant frog zombies (Ossuary)
  9 hounds
  6 orc wizards
  2 jellies
  3 giant frog skeletons
  3 orc priests
  2 centaur skeletons
  2 iguanas (D:10)
  6 worker ants
  4 hound zombies
  9 mummies (Ossuary)
  3 worker ant zombies
  3 gnolls (D:10)
  9 adders
  A shadow imp (D:9)
  2 oozes
  3 adder zombies (Ossuary)
  2 adder skeletons (D:6)
  2 worms
  4 giant geckos
  27 orcs
  8 bats
  2 giant cockroaches
  2 goblins (D:1)
  4 hobgoblins
  15 jackals
  7 quokkas
  4 ball pythons
  A ball python skeleton (D:5)
  A giant gecko zombie (Ossuary)
  4 giant newts
  A jackal zombie (Ossuary)
  18 kobolds
  2 quokka zombies (Ossuary)
  11 rats
  A withered plant (Ossuary)
287 creatures vanquished.

Vanquished Creatures (others)
  3 withered plants (Ossuary)
3 creatures vanquished.

Grand Total: 290 creatures vanquished

Notes
Turn   | Place    | Note
--------------------------------------------------------------
     0 | D:1      | Etesian the Formicid Fighter began the quest for the Orb.
     0 | D:1      | Reached XP level 1. HP: 18/18 MP: 1/1
    59 | D:1      | Reached XP level 2. HP: 20/24 MP: 2/2
   356 | D:1      | Reached XP level 3. HP: 13/30 MP: 3/3
  1223 | D:2      | Found a blossoming altar of Fedhas.
  1224 | D:2      | Found an ancient bone altar of Kikubaaqudgha.
  1406 | D:2      | Found a stormy altar of Qazlal.
  1422 | D:2      | Became a worshipper of Qazlal Stormbringer
  1578 | D:2      | Reached XP level 4. HP: 37/37 MP: 4/4
  1726 | D:3      | Noticed namelastname112's ghost (amateur DrCK)
  1945 | D:3      | Killed namelastname112's ghost
  1945 | D:3      | Reached skill level 3 in Long Blades
  1945 | D:3      | Reached XP level 5. HP: 33/43 MP: 5/5
  2415 | D:3      | Reached XP level 6. HP: 47/49 MP: 6/6
  2686 | D:4      | Reached skill level 4 in Long Blades
  2712 | D:4      | Reached * piety under Qazlal
  2806 | D:4      | Reached skill level 5 in Shields
  2887 | D:4      | Noticed a phantom
  2903 | D:4      | Reached XP level 7. HP: 47/55 MP: 7/7
  2913 | D:4      | Reached skill level 5 in Fighting
  2975 | D:4      | Found a stormy altar of Qazlal.
  3056 | D:4      | Noticed Sigmund
  3080 | D:4      | Killed Sigmund
  3080 | D:4      | Reached skill level 5 in Long Blades
  3080 | D:4      | Reached skill level 5 in Armour
  3282 | D:5      | Entered Level 5 of the Dungeon
  3319 | D:5      | Reached XP level 8. HP: 63/63 MP: 8/8
  3442 | D:5      | Found a staircase to the Ecumenical Temple.
  3922 | D:6      | Found a sand-covered staircase.
  3930 | D:6      | Noticed Blork the orc
  3932 | Ossuary  | Entered an ossuary
  3955 | Ossuary  | Reached skill level 6 in Long Blades
  4023 | Ossuary  | Reached ** piety under Qazlal
  4147 | Ossuary  | Reached XP level 9. HP: 69/69 MP: 9/9
  4172 | Ossuary  | Reached skill level 7 in Long Blades
  4347 | D:6      | Found a sparkling altar of Nemelex Xobeh.
  4352 | D:6      | Killed Blork the orc
  4490 | D:6      | Found a shimmering altar of Xom.
  4490 | D:6      | Found a burning altar of Makhleb.
  4493 | D:6      | Reached *** piety under Qazlal
  4635 | D:6      | Found a basalt altar of Yredelemnul.
  4648 | D:6      | Found Subasm's Book Boutique.
  4813 | D:7      | Reached skill level 1 in Invocations
  5178 | D:7      | Found an oddly glowing altar of Pakellas.
  5214 | D:7      | Reached skill level 8 in Long Blades
  5227 | D:7      | Noticed MenacingMecha's ghost (novice GrGl)
  5247 | D:7      | Killed MenacingMecha's ghost
  5418 | D:7      | Found a bloodstained altar of Trog.
  5606 | D:7      | Reached XP level 10. HP: 77/77 MP: 12/12
  5684 | D:7      | Noticed Duvessa
  5684 | D:7      | Noticed Dowan
  5696 | D:7      | Killed Dowan
  5713 | D:7      | Killed Duvessa
  5949 | D:8      | Reached skill level 5 in Invocations
  6017 | D:8      | Reached skill level 9 in Long Blades
  6216 | D:8      | Found an opulent altar of Gozag.
  6216 | D:8      | Found a shattered altar of Ashenzari.
  6217 | D:8      | Found a sacrificial altar of Ru.
  6456 | D:8      | Found a shadowy altar of Dithmenos.
  6922 | D:9      | Reached **** piety under Qazlal
  7020 | D:9      | Identified a scroll of acquirement
  7189 | D:9      | Found a deep blue altar of Sif Muna.
  7480 | D:10     | Entered Level 10 of the Dungeon
  7530 | D:10     | Reached XP level 11. HP: 84/84 MP: 9/15
  7745 | D:10     | Noticed Josephine
  7764 | D:10     | Killed Josephine
  7764 | D:10     | Reached skill level 10 in Long Blades
  8372 | D:11     | Found a staircase to the Lair.
  8615 | D:11     | Noticed a cyclops
  8619 | D:11     | Killed a cyclops
  8630 | D:11     | Found a bloodstained altar of Trog.
  9006 | D:12     | Reached XP level 12. HP: 94/94 MP: 18/18
  9010 | D:12     | Reached ***** piety under Qazlal
  9021 | D:12     | Reached skill level 11 in Long Blades
  9024 | D:12     | Noticed a skeletal warrior
  9027 | D:12     | Noticed a skeletal warrior
  9031 | D:12     | Noticed a skeletal warrior
  9051 | D:11     | Noticed a soul eater
  9054 | D:11     | Killed a skeletal warrior
  9056 | D:11     | Slain by a soul eater

Vault maps used:
D:1:      grunt_arrival_crossed_arrows
D:2:      grunt_temple_overflow_growth_and_decay, lemuel_round_altar
D:4:      minivault_4, grunt_qazlal_clouds, uniq_sigmund
D:5:      minmay_temple_entry_butterflies, first_bread
D:6:      grunt_temple_overflow_champion_of_chaos,
          nemelex_xobeh_ov_fountains_minmay, yredelemnul_altar_generic,
          serial_shops, kennysheep_mini, nicolae_ossuary_entry_monument,
          uniq_blork_the_orc
D:7:      bloody_trog, lemuel_doored_altar, uniq_duvessa
D:8:      nicolae_overflow_quartered_altars
D:9:      kennysheep_mini_moat
D:10:     uniq_josephine
D:11:     lair_0_dummy, basic_altar
D:12:     kennysheep_kobold_lugonu_temple, erik_orc_1
Ossuary:  ossuary_zaba_flooded

Skill      XL: |  1  2  3  4  5  6  7  8  9 10 11 12 |
---------------+-------------------------------------+-----
Shields        | 4 5 6 7 8 9 |  9.8
Fighting       | 4 5 6 7 8 |  8.7
Long Blades    | 3 4 5 6 8 9 10 11 | 11.1
Armour         | 4 5 6 7 9 |  9.3
Invocations    | 3 6 9 |  9.6

Action                   |  1- 3 |  4- 6 |  7- 9 | 10-12 || total
-------------------------+-------+-------+-------+-------++-------
Melee: Long sword        |   161 |   174 |   377 |   234 ||   946
       Triple sword      |       |       |       |   178 ||   178
Invok: Upheaval          |       |       |     2 |       ||     2
Evoke: Wand              |       |     3 |       |       ||     3
  Use: Scroll            |     5 |     4 |     8 |     8 ||    25
       Potion            |       |       |     2 |     4 ||     6
 Stab: Invisible         |       |       |     1 |       ||     1
  Eat: Chunk             |     2 |     5 |     5 |    12 ||    24
       Bread ration      |       |       |     1 |       ||     1
